 Dungeon Crawl Stone Soup version 0.30.0-29-ga12c61a403 (webtiles) character file.

Game seed: 14676096277039774228

21 ChadusMaximus the Shooter (level 3, -1/28 HPs)
             Began as a Formicid Hunter on June 18, 2023.
             Slain by a kobold
             ... wielding a +0 club
              (3 damage)
             ... on level 1 of the Dungeon.
             The game lasted 00:01:09 (564 turns).

ChadusMaximus the Shooter (Formicid Hunter)          Turns: 564, Time: 00:01:09

Health: -1/28      AC:  3    Str: 15    XL:     3   Next: 5%
Magic:  3/3        EV: 12    Int:  8    God:
Gold:   50         SH:  0    Dex: 19    Spells: 2/2 levels left

rFire   . . .        a - +0 shortbow
rCold   . . .        (no shield)
rNeg    . . .        c - +0 leather armour
rPois   .            (helmet unavailable)
rElec   .            (no cloak)
rCorr   .            (no gloves)
SInv    +            (no boots)
Will    .....        (no amulet)
Stlth   ++           (no ring)
HPRegen 0.24/turn    (no ring)
MPRegen 0.08/turn

%: no passive effects
@: no status effects
A: permanent stasis, dig shafts and tunnels, antennae 3, four strong arms
a: Dig, Shaft Self


You were on level 1 of the Dungeon.
You visited 1 branch of the dungeon, and saw 2 of its levels.

You collected 50 gold pieces.

Inventory:

Hand Weapons
 a - a +0 shortbow (weapon)
Armour
 c - a +0 leather armour (worn)
Jewellery
 d - a ring of willpower
Scrolls
 b - a scroll of immolation
 e - 2 scrolls of identify {unknown}
 f - a scroll of enchant weapon {unknown}
 g - a scroll of noise {unknown}


   Skills:
 + Level 2.7 Fighting
 + Level 4.2 Ranged Weapons
 + Level 2.2 Dodging
 - Level 1.3 Stealth


You had 2 spell levels left.
You didn't know any spells.
Your spell library contained the following spells:

 Spells                   Type           Power      Damage    Failure   Level
 Lesser Beckoning         Tloc           0%         N/A       63%         2
 Gell's Gravitas          Tloc           0%         N/A       85%         3
 Teleport Other           Tloc           0%         N/A       85%         3


Dungeon Overview and Level Annotations

Branches:
Dungeon (2/15)

Altars:


Innate Abilities, Weirdness & Mutations

You cannot be hasted, slowed, berserked, paralysed or teleported.
You can dig through walls and to a lower floor.
You have a pair of large antennae on your head. (SInv)
Your four strong arms can wield two-handed weapons with a shield.


Message History

The kobold attacks as you move away! The kobold barely misses you.
The kobold attacks as you move away! The kobold hits you with a +0 dagger.
The kobold attacks as you move away! The kobold barely misses you.
There is a stone staircase leading down here.
The kobold hits you with a +0 dagger.
You climb downwards.
The gnoll shouts!
You hear a shout!
The gnoll shouts!
Found a scroll labelled XOUGRU NAEFF.
There is a stone staircase leading up here.
The kobold hits you but does no damage.
You climb upwards.
The kobold barely misses you.
There is a stone staircase leading down here.
The kobold hits you with a +0 club. The kobold hits you with a +0 club.
* * * LOW HITPOINT WARNING * * *
The kobold attacks as you move away! The kobold hits you with a +0 club.
* * * LOW HITPOINT WARNING * * *
The kobold attacks as you move away! The kobold hits you with a +0 club.
* * * LOW HITPOINT WARNING * * *
The kobold attacks as you move away! The kobold closely misses you.
The kobold attacks as you move away! The kobold closely misses you.
The kobold attacks as you move away! The kobold barely misses you.
The kobold attacks as you move away! The kobold hits you but does no damage.
The kobold attacks as you move away! The kobold hits you with a +0 club.
* * * LOW HITPOINT WARNING * * *
The kobold attacks as you move away! The kobold misses you.
The kobold attacks as you move away! The kobold hits you with a +0 club.
* * * LOW HITPOINT WARNING * * *
The kobold attacks as you move away! The kobold closely misses you.
The kobold attacks as you move away! The kobold hits you with a +0 club.
* * * LOW HITPOINT WARNING * * *
The kobold attacks as you move away! The kobold barely misses you.
The kobold attacks as you move away! The kobold closely misses you.
The kobold attacks as you move away! The kobold barely misses you.
The kobold attacks as you move away! The kobold barely misses you.
The kobold attacks as you move away! The kobold completely misses you.
The kobold attacks as you move away! The kobold hits you with a +0 club.
* * * LOW HITPOINT WARNING * * *
The kobold attacks as you move away! The kobold hits you with a +0 club.
You die...

#.....# #...#....
##########.....###...#....
#....................#.^..
##.##..............)......
#.##.............##......
#.##..#####.......#.....#
#.##.........#....#.....#
#.####.#######....#.....#
#......>@KK.......#.....#
######.######.#####.....#
#...#.# #.......#####
#...'.########.######
#...#.#..#[........#.
#...#.#.#...........#
#...#.##.....#.#.....
#...#.#......#.#.....
#...#.#......#.#.....


You could see 2 kobolds.

Vanquished Creatures
  A dart slug (D:1)
  2 bats (D:1)
  3 giant cockroaches (D:1)
  A goblin (D:1)
  A hobgoblin (D:1)
  A quokka (D:1)
  2 ball pythons (D:1)
  A frilled lizard (D:1)
  3 kobolds (D:1)
  4 rats (D:1)
19 creatures vanquished.

Notes
Turn   | Place    | Note
-------+----------+-------------------------------------------
     0 | D:1      | ChadusMaximus the Formicid Hunter began the quest for the
                  | Orb.
     0 | D:1      | Reached XP level 1. HP: 16/16 MP: 1/1
   317 | D:1      | Reached XP level 2. HP: 23/23 MP: 2/2
   470 | D:1      | Reached XP level 3. HP: 27/28 MP: 3/3
   564 | D:1      | Slain by a kobold

Illustrated notes

Levels and vault maps discovered:
D:1:      matt_arrival_grand_opening, layout_basic, hangedman_decor_growths,
          minmay_hexomino_c4
D:2:      layout_basic, serial_curves, eino_curves_04, eino_curves_02

Skill      XL: |  1 |
---------------+----+-----
Dodging        | 2 |  2.2
Fighting       | |  2.7
Ranged Weapons | |  4.2
Stealth        | |  1.3

Action                     || total
---------------------------++-------
   Fire: Shortbow          ||    53
Ability: Dig               ||     3
 Armour: Leather armour    ||    15
  Dodge: Dodged            ||    58
